AoeStats
← Fluvialgeomorphologist

Black Forest

504669061Analyzed
4v4 RM · 26d ago on Sep 6, 2026· 55m 12s· 8 players
Game mode
Random Map
Map size
Large (8 player)
Population
200
Speed
Normal
Resources
Standard
Victory
Conquest
Starting age
Dark Age
Ending age
Imperial Age
RankedLock teamsTeams togetherTeam positionsShared explorationLock speedFull tech treeHidden civsTurbo modeCheats
Victory
Defeat
🇲🇽 Spanish · Mexico
927
+15
🇵🇪 Japanese · Peru
851
+19
🇧🇷 Cumans · Brazil
837
+19
🇵🇪 Inca · Peru
806
+20
🇻🇳 Gurjaras · Vietnam
923
-19
🇺🇸 Byzantines · United States
905
-51
🇨🇴 Goths · Colombia
903
-18
🇺🇸 Magyars · United States
897
-18
Benjamin
11:14 Feudal Age
11:57 Double-Bit Axe
21:17 Castle Age
23:17 Bow Saw
42:23 Imperial Age
40:18 Ballistics
41:22 Gold Mining
41:44 Murder Holes
42:36 Wheelbarrow
43:32 Horse Collar
44:35 Gold Shaft Mining
47:04 Hand Cart
47:16 Heavy Plow
49:21 Two-Man Saw
52:11 Conscription
54:16 Chemistry
53:51 Heavy Camel Rider
xinhdep15
0:29 Loom
12:25 Feudal Age
17:06 Castle Age
18:46 Forging
18:25 Double-Bit Axe
18:31 Gold Mining
19:39 Wheelbarrow
22:28 Horse Collar
31:21 Imperial Age
29:31 Hand Cart
30:18 Gold Shaft Mining
29:35 Fletching
30:24 Bodkin Arrow
31:04 Padded Archer Armor
31:14 Thumb Ring
32:03 Elite Elephant Archer
33:00 Leather Archer Armor
33:41 Bracer
34:28 Scale Barding Armor
35:21 Husbandry
35:37 Bloodlines
36:28 Forging
36:41 Chain Barding Armor
37:25 Kshatriyas
38:12 Iron Casting
38:07 Chain Barding Armor
39:58 Frontier Guards
40:58 Chemistry
41:39 Plate Barding Armor
41:40 Elite Shrivamsha Rider
48:50 Caravan
49:08 Elite Skirmisher
masanchezt
1:28 Loom
16:58 Feudal Age
17:55 Double-Bit Axe
20:51 Fishing Lines
28:31 Castle Age
29:09 Man-at-Arms
30:15 Forging
30:05 Scale Mail Armor
30:17 Long Swordsman
30:59 Squires
40:14 Pikeman
44:31 Imperial Age
46:24 Iron Casting
46:04 Chain Mail Armor
45:49 Gold Mining
49:06 Perfusion
49:08 Two-Handed Swordsman
51:00 Gillnets
Fluvialgeomorphologist
2:47 Loom
12:06 Feudal Age
16:15 Double-Bit Axe
16:14 Horse Collar
19:23 Castle Age
17:59 Wheelbarrow
18:57 Stone Mining
18:59 Gold Mining
21:48 Bow Saw
27:48 Hand Cart
27:05 Man-at-Arms
29:02 Town Watch
29:54 Town Patrol
31:58 Gold Shaft Mining
32:37 Light Cavalry
33:28 Bloodlines
33:18 Husbandry
33:37 Fletching
33:47 Padded Archer Armor
33:53 Scale Barding Armor
33:12 Crossbowman
34:21 Scale Mail Armor
34:16 Bodkin Arrow
37:02 Imperial Age
35:08 Corvinian Army
34:33 Long Swordsman
35:32 Leather Archer Armor
35:01 Pikeman
35:45 Murder Holes
38:02 Chain Barding Armor
37:07 Cavalier
38:29 Thumb Ring
38:50 Ballistics
38:35 Capped Ram
39:23 Caravan
40:48 Parthian Tactics
39:44 Heavy Cavalry Archer
39:46 Elite Skirmisher
41:34 Onager
41:39 Heavy Scorpion
43:02 Plate Barding Armor
42:58 Ring Archer Armor
42:28 Bracer
43:55 Paladin
47:48 Chain Mail Armor
48:03 Recurve Bow
48:25 Hussar
50:29 Two-Man Saw
52:31 Siege Engineers
54:08 Conscription
Iceman
0:29 Loom
16:16 Feudal Age
20:21 Castle Age
19:18 Double-Bit Axe
19:24 Gold Mining
19:18 Horse Collar
20:10 Stone Mining
21:55 Fervor
22:42 Bow Saw
27:43 Imperial Age
29:29 Chemistry
36:00 Padded Archer Armor
38:16 Leather Archer Armor
37:51 Fletching
38:56 Cavalier
41:22 Ring Archer Armor
41:22 Ballistics
43:12 Conscription
44:15 Elite Skirmisher
45:01 Thumb Ring
44:53 Bodkin Arrow
45:04 Scale Barding Armor
46:59 Bracer
47:38 Sanctity
51:16 Wheelbarrow
KatituWanted
0:40 Loom
10:49 Feudal Age
21:37 Castle Age
20:36 Wheelbarrow
20:02 Stone Mining
20:40 Double-Bit Axe
25:15 Bow Saw
24:58 Fletching
25:08 Padded Archer Armor
25:15 Scale Barding Armor
27:02 Bodkin Arrow
28:46 Gold Mining
29:18 Leather Archer Armor
32:57 Imperial Age
33:40 Gold Shaft Mining
33:23 Hand Cart
33:27 Elite Kipchak
34:28 Conscription
34:15 Steppe Husbandry
35:01 Elite Steppe Lancer
35:45 Cuman Mercenaries
36:49 Chemistry
36:09 Ballistics
36:00 Masonry
36:24 Ring Archer Armor
36:15 Chain Barding Armor
39:39 Plate Barding Armor
40:24 Bloodlines
39:34 Light Cavalry
40:18 Horse Collar
40:51 Forging
40:41 Scale Mail Armor
41:51 Gold Shaft Mining
43:21 Hussar
44:59 Cavalier
46:01 Paladin
47:39 Chain Mail Armor
47:59 Iron Casting
54:41 Arson
ViracochaForce
0:33 Loom
10:27 Feudal Age
11:45 Wheelbarrow
11:31 Double-Bit Axe
13:03 Fishing Lines
14:59 Horse Collar
15:45 Arson
17:44 Champi Runner
19:34 Gold Mining
24:23 Castle Age
22:26 Stone Mining
25:29 Bow Saw
25:35 Heavy Plow
25:44 Squires
28:33 Champi Warrior
29:41 Hand Cart
35:34 Gold Shaft Mining
35:34 Stone Shaft Mining
35:12 Caravan
39:18 Treadmill Crane
39:49 Fortified Wall
42:32 Imperial Age
40:16 Forging
40:06 Scale Mail Armor
40:07 Padded Archer Armor
39:57 Fletching
39:33 Pikeman
42:20 Chain Mail Armor
42:41 Iron Casting
43:18 Siege Engineers
43:32 Capped Ram
44:39 Conscription
43:55 Heavy Scorpion
44:09 Elite Kamayuk
47:08 Blast Furnace
45:46 Siege Ram
48:39 Crop Rotation
49:33 Fabric Shields
50:46 Chemistry
50:22 Elite Champi Warrior
51:56 Plate Mail Armor
52:47 Halberdier
53:50 Leather Archer Armor
53:32 Bodkin Arrow
Omar_abc
0:48 Loom
11:49 Feudal Age
16:40 Castle Age
15:34 Stone Mining
19:12 Double-Bit Axe
26:21 Forging
27:04 Bow Saw
30:18 Gold Mining
31:16 Wheelbarrow
30:26 Town Watch
32:29 Hand Cart
36:13 Imperial Age
33:50 Horse Collar
33:59 Fishing Lines
36:52 Elite Samurai
40:07 Kataparuto
41:21 Scale Mail Armor
42:11 Iron Casting
43:07 Conscription
43:30 Gold Shaft Mining
44:15 Chain Mail Armor
45:01 Blast Furnace
47:14 Town Patrol
47:24 Caravan
47:55 Coinage
48:45 Plate Mail Armor
54:53 Fortified Wall
55:06 Ballistics
55:47 Chemistry
54:46 Fletching
Connection lost

Rejoining the realm…

Still unreachable

The connection could not be restored.

Session expired

The server has moved on; the page needs a fresh start.